 Dungeon Crawl Stone Soup version 0.26.1-2-gb8aa6d0 (webtiles) character file.

Game seed: 16322880107673045699

163 AmazingTV the Cudgeller (level 5, -6/47 HPs)
             Began as a Minotaur Berserker on June 6, 2021.
             Was an Initiate of the Shining One.
             Mangled by a polar bear (17 damage)
             ... created by the rage of Trog
             ... on level 3 of the Dungeon.
             The game lasted 00:17:26 (3216 turns).

AmazingTV the Cudgeller (Minotaur Berserker)        Turns: 3216, Time: 00:17:27

Health: -6/47      AC:  4    Str: 22    XL:     5   Next: 20%
Magic:  4/4        EV: 12    Int:  4    God:    the Shining One [......]
Gold:   157        SH:  0    Dex: 10    Spells: 4/4 levels left

rFire    . . .     SeeInvis .   a - +0 mace
rCold    . . .     Faith    .   (no shield)
rNeg     . . .     Spirit   .   h - +0 leather armour
rPois    .         Reflect  .   (helmet restricted)
rElec    .         Harm     .   (no cloak)
rCorr    .         Rampage  .   (no gloves)
Will     .....                  c - +0 pair of boots
Stlth    +.........             (no amulet)
HPRegen  0.15/turn              (no ring)
MPRegen  0.09/turn              (no ring)

@: glowing
A: retaliatory headbutt, horns 2
a: Renounce Religion


You were on level 3 of the Dungeon.
You worshipped the Shining One.
The Shining One was noncommittal.
You visited 1 branch of the dungeon, and saw 3 of its levels.

You collected 157 gold pieces.

Inventory:

Hand Weapons
 a - a +0 mace (weapon)
 b - a -1 hunting sling
 s - a +0 club
 y - a +0 spear
 z - a +2 falchion of electrocution
Missiles
 d - 45 stones
 i - 25 bolts
 m - 15 sling bullets
 A - 8 javelins (quivered)
Armour
 c - a +0 pair of boots (worn)
 h - a +0 leather armour (worn)
 o - a +0 animal skin
 w - a +0 ring mail
Jewellery
 x - a +4 ring of evasion {unknown}
 D - an uncursed amulet of regeneration {unknown}
Scrolls
 f - a scroll of fear {unknown}
 g - a scroll of immolation {unknown}
 l - a scroll of magic mapping {unknown}
 n - a scroll of teleportation {unknown}
 p - 2 scrolls of identify
 t - a scroll of amnesia {unknown}
 u - 2 scrolls of fog
 B - a scroll of remove curse
Potions
 e - 7 potions of curing {unknown}
 j - a potion of attraction {unknown}
 k - a potion of ambrosia {unknown}
 q - a potion of mutation {unknown}
 r - a potion of heal wounds {unknown}
 v - a potion of invisibility {unknown}
 C - a potion of resistance {unknown}


   Skills:
 * Level 4.5 Fighting
 + Level 4.6 Maces & Flails
 + Level 2.3 Throwing
 + Level 2.7 Armour
 + Level 2.8 Dodging
 * Level 1.4 Stealth


You had 4 spell levels left.
You didn't know any spells.
Your spell library was empty.

Dungeon Overview and Level Annotations

Branches:
Dungeon (3/15)

Altars:
Qazlal
Ru
Trog
The Shining One


Innate Abilities, Weirdness & Mutations

You reflexively headbutt those who attack you in melee.
You have a pair of horns on your head.


Message History

The black bear claws you.
You closely miss the polar bear.
The polar bear is lightly wounded.
The polar bear bites you!
The polar bear claws you but does no damage.
The polar bear closely misses you.
The black bear rages.
The polar bear closely misses you. The polar bear claws you.
* * * LOW HITPOINT WARNING * * *
The polar bear closely misses you. The polar bear barely misses you.
The polar bear claws you but does no damage.
The polar bear claws you.
* * * LOW HITPOINT WARNING * * *
The polar bear bites you but does no damage.
The polar bear closely misses you. The polar bear barely misses you.
As you read the scroll labelled SAREWI DEQEISK, it crumbles to dust.
It is a scroll of identify.
u - 2 scrolls of fog The polar bear bites you!
You die...

#.## ###♣≈♣≈♣#♣≈#
#.# #♣#♣≈≈≈♣#♣#
#.# #≈ #♣≈♣≈♣###
#+# #≈♣♣≈♣#♣≈#.##
#≈≈♣#♣♣≈'..#
###'##♣≈≈♣#..#
#...†######..#
....#..#...###hh#
....
+.......##@## ...
####...###h# ..
##....hh# .
####.### #.# #.#
#.# #.# #.#


You could see 3 polar bears and 2 black bears.

Vanquished Creatures
  2 orc wizards (D:3)
  3 adders (D:3)
  An ooze (D:1)
  5 worms (D:2)
  A dart slug (D:2)
  4 leopard geckos
  9 orcs (D:3)
  8 bats
  2 giant cockroaches
  6 goblins
  4 hobgoblins
  3 ball pythons
  5 frilled lizards
  9 kobolds
  3 rats
65 creatures vanquished.

Vanquished Creatures (others)
  A plant (D:3)
1 creature vanquished.

Grand Total: 66 creatures vanquished

Notes
Turn   | Place    | Note
-------+----------+-------------------------------------------
     0 | D:1      | AmazingTV the Minotaur Berserker began the quest for the
                  | Orb.
     0 | D:1      | Reached XP level 1. HP: 19/19 MP: 0/0
   259 | D:1      | Reached XP level 2. HP: 25/27 MP: 1/1
  1366 | D:2      | Reached XP level 3. HP: 33/33 MP: 2/2
  1512 | D:2      | Reached ** piety under Trog
  1639 | D:2      | Reached skill level 1 in Throwing
  1902 | D:2      | Reached skill level 1 in Stealth
  2039 | D:2      | Found a stormy altar of Qazlal.
  2454 | D:3      | Reached XP level 4. HP: 40/40 MP: 3/3
  2482 | D:3      | Found a glowing golden altar of the Shining One.
  2487 | D:3      | Found a sacrificial altar of Ru.
  2487 | D:3      | Found a bloodstained altar of Trog.
  2706 | D:3      | Fell from the grace of Trog
  2706 | D:3      | Became a worshipper of the Shining One
  2929 | D:3      | Reached XP level 5. HP: 43/47 MP: 4/4
  3213 | D:3      | Noticed a polar bear
  3213 | D:3      | Noticed a polar bear
  3213 | D:3      | Noticed a black bear
  3213 | D:3      | Noticed a polar bear
  3213 | D:3      | Noticed a black bear
  3216 | D:3      | Mangled by a polar bear

Illustrated notes

Levels and vault maps discovered:
D:1:      tarquinn_simple_flora_water_d, layout_basic
D:2:      layout_basic, kennysheep_path_1, grunt_qazlal_clouds
D:3:      layout_loops_corners, grunt_temple_overflow_lords_of_destruction,
          chequers_temple_overflow_statue_of_worship, overflow_temple_1_default,
          saegor_snake_ambush

Skill      XL: |  1  2  3  4 |
---------------+-------------+-----
Maces & Flails | 4 |  4.6
Fighting       | 4 |  4.5
Throwing       | 1 2 |  2.3
Stealth        | 1 |  1.4
Armour         | |  2.7
Dodging        | |  2.8

Action                   |  1- 3 |  4- 6 || total
-------------------------+-------+-------++-------
Melee: Mace              |    77 |    56 ||   133
       Headbutt          |    14 |     3 ||    17
 Fire: Hunting sling     |     2 |       ||     2
Throw: Stone             |    50 |     7 ||    57
       Javelin           |    22 |     3 ||    25
Invok: Berserk           |     1 |     1 ||     2
       Trog's Hand       |       |     2 ||     2
  Use: Scroll            |     1 |     1 ||     2
Armor: Animal skin       |     8 |       ||     8
       Leather armour    |    11 |    19 ||    30
Dodge: Dodged            |    60 |    42 ||   102
